 Dungeon Crawl Stone Soup version 0.32-a0-131-g9dbbe29261 (webtiles) character file.

Game seed: 5011321453109418254

18246 cforsyth the Fighter (level 12, -8/101 HPs)
             Began as a Djinni Hexslinger on Feb 8, 2024.
             Mangled by a death yak (14 damage)
             ... on level 2 of the Lair of Beasts.
             The game lasted 00:26:58 (15757 turns).

cforsyth the Fighter (Djinni Hexslinger)           Turns: 15757, Time: 00:26:58

Health: -8/101     AC:  8    Str:  7    XL:     12   Next: 92%
Gold:   882        EV: 11    Int: 21    God:
                   SH:  5    Dex: 15

rFire   + + .        a - +4 falchion (elec)
rCold   . . .        (no shield)
rNeg    + . .        v - +3 leather armour {rC+}
rPois   ∞            h - +0 helmet
rElec   .            B - +0 cloak
rCorr   .            (no gloves)
SInv    .            (boots unavailable)
Will    +....        q - amulet of reflection Stlth
                     N - ring of positive energy
HPRegen 0.36/turn    Z - ring of wizardry
MPRegen 0.00/turn

%: reflection, wizardry (x1), infuse magic (-9 HP)
@: silenced, flying, hasted, very quick
A: sickness immunity, fire resistance 2, cold vulnerability 1, float, innate
caster, HP casting, extra vitality 1
a: no special abilities


You were on level 2 of the Lair of Beasts.
You visited 2 branches of the dungeon, and saw 14 of its levels.
You also visited: Sewer.

You collected 930 gold pieces.
You spent 48 gold pieces at shops.


Innate Abilities, Weirdness & Mutations

You are immune to sickness and miasma.
You are immune to poison.
Your flesh is very heat resistant. (rF++)
You are vulnerable to cold. (rC-)
You float through the air rather than walking.
You learn spells naturally, not from books.
Your magical power is your life essence.
You have superior vitality. (+4 MHP)


   Skills:
 + Level 14.6 Fighting
 - Level 1.5 Ranged Weapons
 - Level 2.1 Dodging
 + Level 11.4 Spellcasting
 + Level 11.4 Conjurations
 + Level 11.4 Hexes
 + Level 11.4 Summonings
 + Level 11.4 Necromancy
 + Level 11.4 Translocations
 + Level 11.4 Fire Magic
 + Level 11.4 Ice Magic
 + Level 11.4 Air Magic
 + Level 11.4 Earth Magic
 + Level 11.4 Alchemy


You knew the following spells:

 Your Spells              Type           Power      Damage    Failure   Level
a - Leda's Liquefaction   Alch/Erth      28%        N/A       1%          4
b - Martyr's Knell        Necr/Summ      57%        N/A       1%          4
c - Cause Fear            Hex            28%        N/A       1%          4
f - Inner Flame           Hex/Fire       57%        N/A       1%          3
l - Lesser Beckoning      Tloc           100%       N/A       1%          2
w - Stone Arrow           Conj/Erth      100%       3d13      1%          3
z - Sandblast             Erth           100%       2d20      1%          1
X - Jinxbite              Hex            100%       N/A       1%          2
Y - Sigil of Binding      Hex            57%        N/A       1%          3
Z - Dimensional Bullseye  Hex/Tloc       28%        N/A       1%          4
Your spell library was empty.

Inventory:

Hand Weapons
 a - a +4 falchion of electrocution (weapon)
Armour
 h - a +0 helmet (worn)
 v - a +3 leather armour of cold resistance (worn)
 B - a +0 cloak (worn)
Jewellery
 q - an amulet of reflection (around neck)
 N - a ring of positive energy (left hand)
 Z - a ring of wizardry (right hand)
Wands
 e - a wand of acid (5)
 r - a wand of roots (6)
 t - a wand of flame (18)
 D - a wand of polymorph (14)
 G - a wand of mindburst (20)
Scrolls
 b - 8 scrolls of poison
 d - 2 scrolls of noise
 g - 6 scrolls of fear {unknown}
 i - 2 scrolls of blinking {unknown}
 o - 2 scrolls of immolation
 p - a scroll of enchant armour {unknown}
 s - 3 scrolls of vulnerability
 y - a scroll of fog {unknown}
 H - 2 scrolls of teleportation {@r2@r2}
 J - a scroll of silence {!r!r}
 K - a scroll of revelation
Potions
 f - 10 potions of curing {@q1@q1}
 k - 2 potions of lignification
 n - 2 potions of might
 u - a potion of brilliance {unknown}
 w - 7 potions of enlightenment
 x - a potion of haste {@q3@q3}
 z - 2 potions of resistance {unknown}
 A - 2 potions of heal wounds {@q2@q2}
 E - 2 potions of invisibility
 L - a potion of mutation
Miscellaneous
 C - a lightning rod (4/4)

Dungeon Overview and Level Annotations

Branches:
Dungeon (12/15)            Temple (0/1) D:4            Lair (2/5) D:10
  Swamp (0/4) Lair:2        Snake (0/4) Lair:2          Orc (0/2) D:12
  Sewer (visited)

Altars:
Ashenzari
Fedhas
Gozag
Makhleb
Okawaru
Qazlal
Uskayaw
Xom

Shops:
D:3 *   D:8 (   D:11 !

Annotations:
D:6 3 runed translucent doors, BubbleThief's ghost, novice TrFi

,*,,,,,,,,,,,**#P..........##..#
**,,,,,,,,,,*,*#.........).#...##
****,,,,,,,,*,*,#................
**,,,,,,,,***#......#...#..^.#
*,,,,,,,** #..#..#...#.###...
*,,.,,,,** ***#.....#### *#P.
*,,.Y.,,,######....## *#.
*,,...F###.PY.†.##.# **
***#......Y.@..##### *
*#.....YYY### #..Y.##...#**
##F#**##....#* #.,* #.#..P#*
*#,*****#......#*
**,,**,,,........#*****
*,,***,,,.....#...,,*,***** **,**
****###.##...,,,,,,,,*


You could see 6 death yaks and 2 cane toads.


Message History

The roots release their grip on the death yak.
Casting: Inner Flame (safe; 1% risk of failure)
Confirm with . or Enter, or press ? or * to list all spells.
Casting: Cause Fear (safe; 1% risk of failure)
Press: ? - help, Dir - look around, f - activate The death yak resists with almost no effort.
The death yak looks frightened!
The death yak resists with almost no effort. x4
The cane toad looks frightened!
* * * LOW HITPOINT WARNING * * *
The death yak gores you!!
* * * LOW HITPOINT WARNING * * *
Unknown command.
Unknown command.
Unknown command.
As you read the scroll labelled HAMMAH ULI UMI, it crumbles to dust.
It is a scroll of enchant weapon.
Your +3 falchion of electrocution glows red for a moment.
The death yak snorts and paws the ground.
A cane toad comes into view.
Unknown command.
As you read the scroll labelled RIHO LARES, it crumbles to dust.
A profound silence engulfs you.
It was a scroll of silence.
A nearby plant withers and dies.
The death yak gores you but does no damage. x2
Unknown command.
Unknown command.
You feel yourself speed up. The death yak barely misses you.
The death yak gores you!
You die...

Skill      XL: |  1  2  3  4  5  6  7  8  9 10 11 12 |
---------------+-------------------------------------+-----
Spellcasting   | 3 4 5 6 7 8 10 11 | 11.4
Conjurations   | 3 4 5 6 7 8 10 11 | 11.4
Hexes          | 3 4 5 6 7 8 10 11 | 11.4
Summonings     | 3 4 5 6 7 8 10 11 | 11.4
Necromancy     | 3 4 5 6 7 8 10 11 | 11.4
Translocations | 3 4 5 6 7 8 10 11 | 11.4
Fire Magic     | 3 4 5 6 7 8 10 11 | 11.4
Ice Magic      | 3 4 5 6 7 8 10 11 | 11.4
Air Magic      | 3 4 5 6 7 8 10 11 | 11.4
Earth Magic    | 3 4 5 6 7 8 10 11 | 11.4
Alchemy        | 3 4 5 6 7 8 10 11 | 11.4
Fighting       | 2 4 5 7 9 11 13 14 | 14.6
Ranged Weapons | |  1.5
Dodging        | |  2.1

Action                     |  1- 3 |  4- 6 |  7- 9 | 10-12 || total
---------------------------+-------+-------+-------+-------++-------
  Melee: Falchion          |       |       |     8 |     2 ||    10
   Fire: Sling             |    79 |    44 |    64 |       ||   187
   Cast: Sandblast         |    17 |    48 |       |     1 ||    66
         Stone Arrow       |       |       |   126 |   191 ||   317
         Inner Flame       |       |       |    22 |    80 ||   102
         Lesser Beckoning  |       |       |     1 |       ||     1
         Cause Fear        |       |       |       |     1 ||     1
  Evoke: Wand              |       |       |       |     3 ||     3
    Use: Scroll            |       |       |       |    18 ||    18
         Potion            |       |       |       |     4 ||     4
 Armour: Robe              |    29 |    16 |     1 |       ||    46
         Leather armour    |       |       |    57 |   103 ||   160
  Dodge: Dodged            |    44 |    15 |    46 |    40 ||   145
  Block: Other             |       |       |    18 |    13 ||    31
         Reflection        |       |       |     1 |     2 ||     3

Levels and vault maps discovered:
D:1:      amcnicky_arrival_double_pillar, layout_loops_ring
D:2:      layout_basic, dk_noncrumbling_2, uniq_robin
D:3:      layout_rooms, mainiacjoe_overflow_brackets,
          nicolae_ashenzari_panopticon, nicolae_overflow_hidden_temple,
          serial_shops, nicolae_shop_real_fake_doors, uniq_grinder
D:4:      layout_loops_ring, temple_hall, minmay_fractal_squares_5
D:5:      layout_loops_corners, minitemple, gup_sewer_entry_spiral,
          nicolae_half_adder
D:6:      layout_basic, mainiacjoe_overflow_chevrons,
          gammafunk_ghost_nasty_kobolds, uniq_sigmund, uniq_jeremiah
D:7:      layout_rooms, nrook_loot_triangle, grunt_ministairs_4,
          nicolae_have_a_lightning_rod
D:8:      layout_cave_pods, mainiacjoe_overflow_cross_hatched, minivault_22,
          kennysheep_windowed_goal
D:9:      layout_small_grid, lemuel_tele_altar
D:10:     cheibrodos_statue_roulette, layout_cross, dpeg_lair_monsters,
          serial_bayou_crossing, uniq_erica
D:11:     layout_roguey [special_room_orc], serial_shops,
          nicolae_shop_waterfront, uniq_maurice
D:12:     layout_basic, orc_0_dummy, kennysheep_generic_room_3
Lair:1:   layout_regular_city, chequers_serial_rivers_small_b,
          grunt_megastairs_2, lemuel_fruit_fields
Lair:2:   layout_cave_pods, nicolae_swamp_entry_splash_gauntlet,
          guppyfry_snake_entry_garden, portal_ice_cave_demonic_guard,
          lemuel_fruit_tree, uniq_amaemon

Notes
Turn   | Place    | Note
-------+----------+-------------------------------------------
     0 | D:1      | cforsyth the Djinni Hexslinger began the quest for the Orb.
     0 | D:1      | cforsyth set off with the following spells memorised:
                  | Jinxbite, Sigil of Binding, Inner Flame, Cause Fear,
                  | Dimensional Bullseye.
     0 | D:1      | Reached XP level 1. HP: 17/17 MP: 0/0
   128 | D:1      | Reached XP level 2. HP: 22/22 MP: 0/0
   294 | D:1      | Reached skill level 3 in Spellcasting
   294 | D:1      | Reached skill level 3 in Conjurations
   294 | D:1      | Reached skill level 3 in Hexes
   294 | D:1      | Reached skill level 3 in Summonings
   294 | D:1      | Reached skill level 3 in Necromancy
   294 | D:1      | Reached skill level 3 in Translocations
   294 | D:1      | Reached skill level 3 in Fire Magic
   294 | D:1      | Reached skill level 3 in Ice Magic
   294 | D:1      | Reached skill level 3 in Air Magic
   294 | D:1      | Reached skill level 3 in Earth Magic
   294 | D:1      | Reached skill level 3 in Alchemy
   590 | D:1      | Reached skill level 2 in Fighting
   590 | D:1      | Reached XP level 3. HP: 28/28 MP: 0/0
   590 | D:1      | Learned a level 1 spell: Sandblast
  1005 | D:2      | Noticed Robin
  1044 | D:2      | Killed Robin
  1045 | D:2      | Reached XP level 4. HP: 22/34 MP: 0/0
  1511 | D:2      | Reached skill level 3 in Fighting
  1602 | D:3      | Found Ykyples's General Store.
  1653 | D:3      | Found a stormy altar of Qazlal.
  1741 | D:3      | Noticed Grinder
  1756 | D:3      | Killed Grinder
  1757 | D:3      | Reached skill level 4 in Fighting
  1757 | D:3      | Reached skill level 4 in Spellcasting
  1757 | D:3      | Reached skill level 4 in Conjurations
  1757 | D:3      | Reached skill level 4 in Hexes
  1757 | D:3      | Reached skill level 4 in Summonings
  1757 | D:3      | Reached skill level 4 in Necromancy
  1757 | D:3      | Reached skill level 4 in Translocations
  1757 | D:3      | Reached skill level 4 in Fire Magic
  1757 | D:3      | Reached skill level 4 in Ice Magic
  1757 | D:3      | Reached skill level 4 in Air Magic
  1757 | D:3      | Reached skill level 4 in Earth Magic
  1757 | D:3      | Reached skill level 4 in Alchemy
  1757 | D:3      | Reached XP level 5. HP: 37/42 MP: 0/0
  1757 | D:3      | Learned a level 2 spell: Lesser Beckoning
  1757 | D:3      | Reached XP level 6. HP: 42/48 MP: 0/0
  1913 | D:3      | Found a broken altar of Ashenzari.
  2503 | D:4      | Reached XP level 7. HP: 51/53 MP: 0/0
  2503 | D:4      | Learned a level 3 spell: Stone Arrow
  2951 | D:4      | Found a staircase to the Ecumenical Temple.
  3077 | D:5      | Entered Level 5 of the Dungeon
  3351 | D:5      | Found a glowing drain.
  3355 | Sewer    | Entered a sewer
  3377 | Sewer    | Reached skill level 5 in Fighting
  3628 | Sewer    | HP: 5/54 [hell rat (13)]
  4312 | D:5      | Reached skill level 5 in Spellcasting
  4312 | D:5      | Reached skill level 5 in Conjurations
  4312 | D:5      | Reached skill level 5 in Hexes
  4312 | D:5      | Reached skill level 5 in Summonings
  4312 | D:5      | Reached skill level 5 in Necromancy
  4312 | D:5      | Reached skill level 5 in Translocations
  4312 | D:5      | Reached skill level 5 in Fire Magic
  4312 | D:5      | Reached skill level 5 in Ice Magic
  4312 | D:5      | Reached skill level 5 in Air Magic
  4312 | D:5      | Reached skill level 5 in Earth Magic
  4312 | D:5      | Reached skill level 5 in Alchemy
  4498 | D:5      | Reached XP level 8. HP: 58/61 MP: 0/0
  5014 | D:5      | Found a burning altar of Makhleb.
  5020 | D:5      | Found a hide-covered altar of Uskayaw.
  5022 | D:5      | Found an iron altar of Okawaru.
  5093 | D:6      | Reached skill level 6 in Fighting
  5102 | D:6      | Noticed Sigmund
  5307 | D:6      | Noticed Jeremiah
  5476 | D:6      | Killed Sigmund
  5477 | D:6      | Reached skill level 7 in Fighting
  5477 | D:6      | Reached skill level 6 in Spellcasting
  5477 | D:6      | Reached skill level 6 in Conjurations
  5477 | D:6      | Reached skill level 6 in Hexes
  5477 | D:6      | Reached skill level 6 in Summonings
  5477 | D:6      | Reached skill level 6 in Necromancy
  5477 | D:6      | Reached skill level 6 in Translocations
  5477 | D:6      | Reached skill level 6 in Fire Magic
  5477 | D:6      | Reached skill level 6 in Ice Magic
  5477 | D:6      | Reached skill level 6 in Air Magic
  5477 | D:6      | Reached skill level 6 in Earth Magic
  5477 | D:6      | Reached skill level 6 in Alchemy
  5832 | D:6      | Killed Jeremiah
  5833 | D:6      | Reached XP level 9. HP: 30/69 MP: 0/0
  5833 | D:6      | Learned a level 4 spell: Leda's Liquefaction
  6050 | D:6      | Reached skill level 8 in Fighting
  6134 | D:6      | Found a shimmering altar of Xom.
  6492 | D:6      | Found a runed translucent gate.
  6492 | D:6      | Found a runed translucent gate.
  6492 | D:6      | Noticed a kobold demonologist
  6492 | D:6      | Noticed BubbleThief's ghost (novice TrFi)
  6494 | D:6      | Found a runed translucent gate.
  6927 | D:7      | Reached skill level 7 in Spellcasting
  6927 | D:7      | Reached skill level 7 in Conjurations
  6927 | D:7      | Reached skill level 7 in Hexes
  6927 | D:7      | Reached skill level 7 in Summonings
  6927 | D:7      | Reached skill level 7 in Necromancy
  6927 | D:7      | Reached skill level 7 in Translocations
  6927 | D:7      | Reached skill level 7 in Fire Magic
  6927 | D:7      | Reached skill level 7 in Ice Magic
  6927 | D:7      | Reached skill level 7 in Air Magic
  6927 | D:7      | Reached skill level 7 in Earth Magic
  6927 | D:7      | Reached skill level 7 in Alchemy
  7248 | D:7      | Reached skill level 9 in Fighting
  7330 | D:7      | Noticed a raiju
  7819 | D:7      | Killed a raiju
  7942 | D:7      | Reached XP level 10. HP: 65/78 MP: 0/0
  8851 | D:8      | Found a blossoming altar of Fedhas.
  8859 | D:8      | Reached skill level 10 in Fighting
  8985 | D:8      | Reached skill level 8 in Spellcasting
  8985 | D:8      | Reached skill level 8 in Conjurations
  8985 | D:8      | Reached skill level 8 in Hexes
  8985 | D:8      | Reached skill level 8 in Summonings
  8985 | D:8      | Reached skill level 8 in Necromancy
  8985 | D:8      | Reached skill level 8 in Translocations
  8985 | D:8      | Reached skill level 8 in Fire Magic
  8985 | D:8      | Reached skill level 8 in Ice Magic
  8985 | D:8      | Reached skill level 8 in Air Magic
  8985 | D:8      | Reached skill level 8 in Earth Magic
  8985 | D:8      | Reached skill level 8 in Alchemy
  9140 | D:8      | Found Ypradiaja's Antique Weapon Boutique.
  9809 | D:9      | Found an opulent altar of Gozag.
 10190 | D:9      | HP: 2/81 [cloud of flame (8)]
 10592 | D:9      | Reached skill level 11 in Fighting
 11094 | D:10     | Entered Level 10 of the Dungeon
 11300 | D:10     | Noticed a gargoyle
 11317 | D:10     | Killed a gargoyle
 11318 | D:10     | Reached XP level 11. HP: 66/87 MP: 0/0
 11318 | D:10     | Learned a level 4 spell: Martyr's Knell
 11408 | D:10     | Found a staircase to the Lair.
 11411 | D:10     | Noticed a death yak
 11413 | D:10     | Noticed a death yak
 11448 | D:9      | Reached skill level 9 in Spellcasting
 11448 | D:9      | Reached skill level 9 in Conjurations
 11448 | D:9      | Reached skill level 9 in Hexes
 11448 | D:9      | Reached skill level 9 in Summonings
 11448 | D:9      | Reached skill level 9 in Necromancy
 11448 | D:9      | Reached skill level 9 in Translocations
 11448 | D:9      | Reached skill level 9 in Fire Magic
 11448 | D:9      | Reached skill level 9 in Ice Magic
 11448 | D:9      | Reached skill level 9 in Air Magic
 11448 | D:9      | Reached skill level 9 in Earth Magic
 11448 | D:9      | Reached skill level 9 in Alchemy
 11561 | D:10     | Killed a death yak
 11564 | D:10     | Killed a death yak
 11565 | D:10     | Reached skill level 12 in Fighting
 11865 | D:10     | Noticed Erica
 12061 | D:10     | Killed Erica
 12587 | D:11     | Noticed a two-headed ogre
 12592 | D:11     | Killed a two-headed ogre
 12593 | D:11     | Reached skill level 10 in Spellcasting
 12593 | D:11     | Reached skill level 10 in Conjurations
 12593 | D:11     | Reached skill level 10 in Hexes
 12593 | D:11     | Reached skill level 10 in Summonings
 12593 | D:11     | Reached skill level 10 in Necromancy
 12593 | D:11     | Reached skill level 10 in Translocations
 12593 | D:11     | Reached skill level 10 in Fire Magic
 12593 | D:11     | Reached skill level 10 in Ice Magic
 12593 | D:11     | Reached skill level 10 in Air Magic
 12593 | D:11     | Reached skill level 10 in Earth Magic
 12593 | D:11     | Reached skill level 10 in Alchemy
 12727 | D:11     | Found Ruze's Distillery.
 12735 | D:11     | Bought a potion of curing for 48 gold pieces
 12865 | D:11     | Noticed Maurice
 12870 | D:11     | Killed Maurice
 12925 | D:11     | Noticed a two-headed ogre
 12930 | D:11     | Reached skill level 13 in Fighting
 12931 | D:11     | Killed a two-headed ogre
 12932 | D:11     | Reached XP level 12. HP: 86/98 MP: 0/0
 13797 | D:12     | Found a staircase to the Orcish Mines.
 14363 | Lair:1   | Entered Level 1 of the Lair of Beasts
 14548 | Lair:1   | Reached skill level 11 in Spellcasting
 14548 | Lair:1   | Reached skill level 11 in Conjurations
 14548 | Lair:1   | Reached skill level 11 in Hexes
 14548 | Lair:1   | Reached skill level 11 in Summonings
 14548 | Lair:1   | Reached skill level 11 in Necromancy
 14548 | Lair:1   | Reached skill level 11 in Translocations
 14548 | Lair:1   | Reached skill level 11 in Fire Magic
 14548 | Lair:1   | Reached skill level 11 in Ice Magic
 14548 | Lair:1   | Reached skill level 11 in Air Magic
 14548 | Lair:1   | Reached skill level 11 in Earth Magic
 14548 | Lair:1   | Reached skill level 11 in Alchemy
 14549 | Lair:1   | Reached skill level 14 in Fighting
 15635 | Lair:2   | Noticed an eight-headed hydra
 15644 | Lair:2   | Noticed Amaemon
 15685 | Lair:2   | Killed Amaemon
 15705 | Lair:2   | HP: 8/101 [wolf (7)]
 15732 | Lair:2   | Noticed a death yak
 15745 | Lair:2   | Noticed a death yak
 15746 | Lair:2   | Noticed a death yak
 15746 | Lair:2   | Noticed a death yak
 15746 | Lair:2   | Noticed a death yak
 15752 | Lair:2   | Noticed a death yak
 15754 | Lair:2   | HP: 5/101 [death yak (20)]
 15757 | Lair:2   | Mangled by a death yak

Vanquished Creatures
  2 two-headed ogres (D:11)
  2 death yaks (D:10)
  Erica (D:10)
  Amaemon (Lair:2)
  A cyclops (D:12)
  Maurice (D:11)
  A manticore (D:12)
  An ugly thing (D:12)
  A black mamba (Lair:1)
  3 gargoyles (D:10)
  3 cane toads (Lair:1)
  Jeremiah (D:6)
  An orange demon (Lair:2)
  A komodo dragon (Lair:2)
  5 trolls
  A hornet (D:9)
  Grinder (D:3)
  2 raiju (D:7)
  Sigmund (D:6)
  2 wyverns
  A wraith (D:11)
  14 yaks
  A steam dragon (D:8)
  3 vampire mosquitoes (D:12)
  An acid dragon (D:11)
  4 water moccasins
  7 orc warriors (D:11)
  2 ice beasts
  2 sky beasts
  3 ogres
  2 black bears
  5 centaurs
  6 wolves (Lair:2)
  5 bullfrogs
  2 phantoms (D:5)
  3 kobold brigands
  A gnoll sergeant (D:10)
  A wight (D:8)
  12 killer bees (D:9)
  6 howler monkeys
  3 electric eels (D:7)
  2 bombardier beetles
  A hound (D:5)
  2 jellies
  3 orc priests
  An iguana (D:6)
  6 orc wizards
  2 hell rats
  Robin (D:2)
  14 adders
  8 gnolls
  7 river rats
  4 shadow imps
  A white imp (D:7)
  A dart slug (D:4)
  A ribbon worm (D:4)
  45 orcs
  A bat (D:1)
  5 endoplasms
  5 giant cockroaches
  9 goblins
  12 hobgoblins
  6 quokkas
  8 ball pythons
  4 frilled lizards
  19 kobolds
  15 rats
  A butterfly (Lair:1)
300 creatures vanquished.

Table legend: (Time is in decaauts)
 A = Elapsed time spent in this place.
 B = Non-inter-level travel time spent in this place.
 C = Inter-level travel time spent in this place.
 D = Time resting spent in this place.
 E = Time spent auto-exploring this place.
 F = Levels seen in this place.
 G = Mean time per level.
                   A        B        C        D        E       F      G
               +--------+--------+--------+--------+--------+-----+--------+
         Total |  15861 |  15233 |    628 |   2101 |  11018 |  15 | 1057.4 |
       Dungeon |  13975 |  13411 |    564 |   2101 |   9511 |  12 | 1164.6 |
          Lair |   1391 |   1328 |     63 |      0 |   1088 |   2 |  695.5 |
         Sewer |    494 |    494 |      0 |      0 |    419 |   1 |  494.0 |
               +--------+--------+--------+--------+--------+-----+--------+

Top non-repeatable levels by time:
     D:5: 2006 daAuts
     D:7: 1839 daAuts
     D:6: 1340 daAuts
     D:9: 1306 daAuts
  Lair:1: 1264 daAuts
     D:8: 1220 daAuts
    D:10: 1121 daAuts
    D:12: 1016 daAuts
     D:4: 975 daAuts
    D:11: 972 daAuts
     D:2: 827 daAuts
     D:1: 788 daAuts
     D:3: 559 daAuts
   Sewer: 494 daAuts
  Lair:2: 127 daAuts

Table legend:
 A = Non-vault XP
 B = Vault XP
 C = Vault XP percentage of total XP
 D = Non-vault monster count
 E = Vault monster count
 F = Vault count percentage of total count
                 A         B        C        D         E       F
            +---------+---------+-------+---------+---------+-------
      Total |   16405 |    9662 |  37.1 |     201 |      98 |  32.8
            +---------+---------+-------+---------+---------+-------
        D:1 |      35 |       0 |   0.0 |      22 |       0 |   0.0
        D:2 |      47 |      38 |  44.7 |      13 |      12 |  48.0
        D:3 |      23 |     288 |  92.6 |       8 |       2 |  20.0
        D:4 |      68 |      27 |  28.4 |      10 |       7 |  41.2
        D:5 |     318 |      86 |  21.3 |      13 |      11 |  45.8
        D:6 |     945 |     613 |  39.3 |      21 |       2 |   8.7
        D:7 |    1152 |     799 |  41.0 |      15 |       8 |  34.8
        D:8 |     543 |     262 |  32.5 |      13 |       3 |  18.8
        D:9 |    1815 |      36 |   1.9 |      27 |       1 |   3.6
       D:10 |    1573 |    3648 |  69.9 |      11 |       8 |  42.1
       D:11 |    2805 |    1674 |  37.4 |      13 |      26 |  66.7
       D:12 |    2259 |      41 |   1.8 |      10 |       1 |   9.1
     Lair:1 |    3758 |     887 |  19.1 |      18 |       2 |  10.0
     Lair:2 |    1064 |    1153 |  52.0 |       7 |       2 |  22.2
      Sewer |       0 |     110 | 100.0 |       0 |      13 | 100.0
            +---------+---------+-------+---------+---------+-------
